[ AOE2 MATCH · #489689632 ]
UnrankedLithuanians vs Japanese
[ REPLAY ANALYSIS · EXTRACTED FROM THE RECORDED GAME ]
Feudal
10:56
Castle
15:16
Imperial
26:48
| APM avg | 33.3 |
| APM peak | 94 |
| eAPM avg | 21.9 |
| Villagers / military | 116 / 196 |
Focus
⚔️ 60.8% · 🌾 39.2%
Knight ×142 · Leitis ×24 · Scout Cavalry ×11 · Trebuchet (Packed) ×9 · Battering Ram ×7 · Monk ×3
Feudal
9:19
Castle
21:34
Imperial
27:58
| APM avg | 33.3 |
| APM peak | 80 |
| eAPM avg | 16.1 |
| Villagers / military | 99 / 11 |
Focus
⚔️ 27.8% · 🌾 72.2%
Archer ×5 · Scorpion ×2 · Trebuchet (Packed) ×2 · Samurai ×1 · Mangonel ×1
Feudal
11:23
Castle
17:10
Imperial
—
| APM avg | 33.3 |
| APM peak | 75 |
| eAPM avg | 17.0 |
| Villagers / military | 93 / 25 |
Focus
⚔️ 17.0% · 🌾 83.0%
Rattan Archer ×19 · Mangonel ×3 · Petard ×2 · Battering Ram ×1
Feudal
9:21
Castle
12:51
Imperial
28:50
| APM avg | 36.8 |
| APM peak | 79 |
| eAPM avg | 22.6 |
| Villagers / military | 166 / 105 |
Focus
⚔️ 26.7% · 🌾 73.3%
Knight ×96 · Trebuchet (Packed) ×6 · Camel Scout ×3
Feudal
9:57
Castle
15:09
Imperial
35:44
| APM avg | 32.4 |
| APM peak | 70 |
| eAPM avg | 14.0 |
| Villagers / military | 102 / 156 |
Focus
⚔️ 27.2% · 🌾 72.8%
Bolas Rider ×146 · Battering Ram ×6 · Skirmisher ×4
Feudal
12:16
Castle
21:11
Imperial
35:43
| APM avg | 29.8 |
| APM peak | 72 |
| eAPM avg | 16.6 |
| Villagers / military | 166 / 88 |
Focus
⚔️ 27.8% · 🌾 72.2%
Kona ×88 · Unknown (2550) ×12
Feudal
11:21
Castle
15:16
Imperial
27:19
| APM avg | 22.6 |
| APM peak | 41 |
| eAPM avg | 16.6 |
| Villagers / military | 139 / 137 |
Focus
⚔️ 37.6% · 🌾 62.4%
Serjeant ×121 · Battering Ram ×16
Feudal
11:35
Castle
15:10
Imperial
29:52
| APM avg | 28.0 |
| APM peak | 63 |
| eAPM avg | 19.0 |
| Villagers / military | 167 / 5 |
Focus
⚔️ 20.8% · 🌾 79.2%
Unknown (1944) ×72 · Scout Cavalry ×3 · Monk ×2 · Unknown (1974) ×2
Match map
Initial resources + every placement click. Lines = walls · curves = elevation contours. ◆ gold · ⬟ stone · ● berries · ✦ relic · ◌ wall gap
Your base· ✓ Closed at 15:16 · 0t walls · 2 gate(s)
Silver's base· ✓ Closed at 21:34 · 0t walls · 2 gate(s)
Hajduk's base· ✓ Closed at 17:10 · 31t walls · 2 gate(s)
Faith's base· ✓ Closed at 12:51 · 0t walls · 2 gate(s)
:) YO30830's base· ✓ Closed at 15:09 · 0t walls · 3 gate(s)
matiasdaniel's base· ✓ Closed at 21:11 · 0t walls · 3 gate(s)
K1llaCapPilla's base· ✓ Closed at 15:16 · 0t walls · 3 gate(s)
675478008's base· ✓ Closed at 15:10 · 0t walls · 2 gate(s)
Smoothed initial terrain · ◌ = detected wall gap · hover for details
Inputs per minute
— Dadagama - - Silver
Build order — Dadagama
First 150 of 281 actions detected
| 0:00 | Create | Villager (Male) |
| 0:00 | Create | Villager (Male) |
| 0:01 | Create | Villager (Male) |
| 0:02 | Build | House |
| 0:04 | Build | House |
| 0:24 | Create | Villager (Male) |
| 0:24 | Create | Villager (Male) |
| 0:24 | Create | Villager (Male) |
| 0:24 | Create | Villager (Male) |
| 1:47 | Create | Villager (Male) |
| 2:14 | Build | Lumber Camp |
| 2:15 | Create | Villager (Male) |
| 2:15 | Create | Villager (Male) |
| 2:22 | Create | Villager (Male) |
| 2:22 | Create | Villager (Male) |
| 2:22 | Create | Villager (Male) |
| 3:51 | Build | House |
| 3:55 | Build | House |
| 4:09 | Create | Villager (Male) |
| 4:09 | Create | Villager (Male) |
| 4:09 | Create | Villager (Male) |
| 4:34 | Build | Mill |
| 4:37 | Create | Villager (Male) |
| 4:37 | Create | Villager (Male) |
| 4:37 | Create | Villager (Male) |
| 5:17 | Create | Villager (Male) |
| 5:17 | Create | Villager (Male) |
| 5:37 | Create | Villager (Male) |
| 5:37 | Create | Villager (Male) |
| 5:46 | Create | Villager (Male) |
| 5:46 | Create | Villager (Male) |
| 7:15 | Create | Villager (Male) |
| 8:24 | Research | Feudal Age |
| 8:26 | Build | Mining Camp |
| 9:10 | Build | House |
| 9:10 | Build | House |
| 9:18 | Create | Villager (Male) ×5 |
| 9:27 | Build | Farm |
| 9:30 | Build | Farm |
| 10:56 | Age | Feudal Age |
| 10:58 | Build | Market |
| 11:09 | Build | Blacksmith |
| 11:09 | Build | Blacksmith |
| 11:32 | Research | Double-Bit Axe |
| 12:04 | Research | Horse Collar |
| 12:04 | Research | Horse Collar |
| 12:23 | Research | Castle Age |
| 12:39 | Build | Farm |
| 12:43 | Build | Farm |
| 12:49 | Build | Farm |
| 15:16 | Age | Castle Age |
| 15:18 | Build | Monastery |
| 15:22 | Build | Town Center |
| 15:28 | Build | Town Center |
| 15:33 | Create | Villager (Male) |
| 15:35 | Create | Villager (Male) ×5 |
| 15:37 | Research | Bow Saw |
| 15:40 | Research | Heavy Plow |
| 16:03 | Create | Monk |
| 16:10 | Build | Farm |
| 16:14 | Build | House |
| 16:15 | Build | House |
| 16:42 | Build | Farm |
| 16:46 | Build | House |
| 16:48 | Create | Monk |
| 17:06 | Create | Villager (Male) |
| 17:06 | Research | Loom |
| 17:09 | Build | Farm |
| 17:13 | Build | Farm |
| 17:17 | Build | Farm |
| 17:19 | Build | Farm |
| 17:20 | Create | Villager (Male) ×5 |
| 17:23 | Build | Farm |
| 17:28 | Build | Farm |
| 17:37 | Build | Farm |
| 17:40 | Create | Villager (Male) ×4 |
| 17:55 | Create | Monk |
| 18:01 | Build | House |
| 18:03 | Build | House |
| 18:11 | Build | Farm |
| 18:17 | Build | Farm |
| 18:20 | Build | Farm |
| 18:23 | Build | Farm |
| 18:27 | Build | Farm |
| 18:46 | Create | Villager (Male) ×5 |
| 18:50 | Build | Farm |
| 18:53 | Build | Farm |
| 18:57 | Build | Farm |
| 19:01 | Build | Farm |
| 19:12 | Research | Wheelbarrow |
| 19:16 | Build | House |
| 19:17 | Build | House |
| 19:53 | Create | Villager (Male) ×5 |
| 19:56 | Build | Farm |
| 19:59 | Build | Farm |
| 20:02 | Build | Farm |
| 20:04 | Build | Farm |
| 20:11 | Build | Farm |
| 20:24 | Create | Villager (Male) ×5 |
| 20:27 | Build | House |
| 20:29 | Build | House |
| 20:30 | Build | House |
| 20:34 | Build | Farm |
| 20:43 | Build | Farm |
| 20:51 | Build | Farm |
| 21:07 | Build | Farm |
| 21:17 | Create | Villager (Male) ×5 |
| 21:22 | Build | Farm |
| 21:25 | Build | Farm |
| 21:40 | Build | Farm |
| 21:50 | Build | Farm |
| 21:55 | Create | Villager (Male) |
| 21:57 | Create | Villager (Male) |
| 21:59 | Create | Villager (Male) |
| 22:00 | Create | Villager (Male) |
| 22:01 | Create | Villager (Male) |
| 22:01 | Create | Villager (Male) |
| 22:12 | Build | Mining Camp |
| 22:18 | Build | House |
| 22:19 | Build | House |
| 22:34 | Create | Villager (Male) |
| 22:34 | Create | Villager (Male) |
| 22:34 | Create | Villager (Male) |
| 22:58 | Create | Villager (Male) |
| 23:03 | Build | Siege Workshop |
| 23:24 | Build | House |
| 23:25 | Build | House |
| 23:25 | Build | House |
| 23:26 | Build | House |
| 23:27 | Research | Imperial Age |
| 23:29 | Create | Villager (Male) ×3 |
| 23:45 | Build | Barracks |
| 23:49 | Research | Gold Mining |
| 24:00 | Research | Stone Mining |
| 24:03 | Create | Villager (Male) ×4 |
| 24:15 | Build | Stable |
| 24:18 | Research | Scale Barding Armor |
| 24:18 | Research | Forging |
| 24:41 | Research | Bloodlines |
| 24:41 | Research | Husbandry |
| 24:46 | Build | Stable |
| 24:51 | Research | Husbandry |
| 24:54 | Research | Forging |
| 24:56 | Create | Villager (Male) |
| 24:59 | Build | House |
| 24:59 | Build | House |
| 25:03 | Build | House |
| 25:04 | Build | House |
| 25:05 | Build | House |
| 25:06 | Build | House |
Build order — Silver
First 150 of 223 actions detected
| 0:01 | Create | Villager (Male) |
| 0:01 | Create | Villager (Male) |
| 0:02 | Create | Villager (Male) |
| 0:02 | Create | Villager (Male) |
| 0:02 | Create | Villager (Male) |
| 0:03 | Build | House |
| 0:04 | Build | House |
| 1:36 | Create | Villager (Male) |
| 1:47 | Create | Villager (Male) |
| 1:51 | Build | Lumber Camp |
| 2:30 | Create | Villager (Male) |
| 2:31 | Create | Villager (Male) |
| 3:05 | Build | House |
| 3:08 | Create | Villager (Male) |
| 3:16 | Create | Villager (Male) |
| 3:26 | Build | Mill |
| 3:39 | Create | Villager (Male) |
| 4:39 | Create | Villager (Male) |
| 4:40 | Create | Villager (Male) |
| 5:01 | Create | Villager (Male) |
| 5:07 | Create | Villager (Male) |
| 5:37 | Create | Villager (Male) |
| 5:38 | Research | Loom |
| 7:02 | Research | Feudal Age |
| 7:03 | Research | Feudal Age |
| 7:16 | Build | Mining Camp |
| 7:26 | Build | Mining Camp |
| 7:41 | Build | House |
| 7:45 | Build | House |
| 8:28 | Build | Barracks |
| 8:51 | Create | Villager (Male) |
| 8:52 | Create | Villager (Male) |
| 9:19 | Age | Feudal Age |
| 9:24 | Build | Watch Tower |
| 9:30 | Build | Archery Range |
| 9:39 | Research | Double-Bit Axe |
| 9:50 | Create | Villager (Male) |
| 10:21 | Create | Archer |
| 10:21 | Create | Archer |
| 10:22 | Create | Archer |
| 10:24 | Create | Villager (Male) |
| 10:38 | Create | Villager (Male) |
| 10:51 | Build | House |
| 10:57 | Build | Blacksmith |
| 10:59 | Build | House |
| 11:02 | Create | Villager (Male) |
| 11:28 | Create | Villager (Male) |
| 12:18 | Research | Fletching |
| 12:24 | Create | Villager (Male) |
| 13:04 | Build | Watch Tower |
| 13:04 | Create | Villager (Male) |
| 13:09 | Create | Villager (Male) |
| 13:23 | Build | House |
| 13:24 | Build | House |
| 13:36 | Create | Villager (Male) |
| 13:58 | Build | Watch Tower |
| 13:58 | Create | Villager (Male) |
| 14:01 | Create | Villager (Male) |
| 14:39 | Build | Mill |
| 14:40 | Create | Villager (Male) |
| 14:52 | Create | Archer |
| 14:59 | Create | Archer |
| 15:11 | Create | Villager (Male) |
| 15:20 | Create | Villager (Male) |
| 16:00 | Create | Villager (Male) |
| 16:09 | Build | Farm |
| 16:09 | Build | Farm |
| 16:10 | Build | Farm |
| 16:12 | Build | Farm |
| 16:13 | Build | Farm |
| 16:14 | Build | Farm |
| 16:19 | Create | Villager (Male) |
| 16:20 | Create | Villager (Male) |
| 16:37 | Build | Lumber Camp |
| 16:42 | Build | Farm |
| 16:46 | Build | Farm |
| 16:52 | Create | Villager (Male) |
| 17:30 | Build | Farm |
| 17:38 | Create | Villager (Male) |
| 17:47 | Build | Farm |
| 17:49 | Build | Farm |
| 18:54 | Research | Castle Age |
| 18:54 | Research | Castle Age |
| 19:22 | Research | Horse Collar |
| 20:30 | Build | House |
| 20:31 | Build | House |
| 20:32 | Build | House |
| 20:47 | Build | Market |
| 20:54 | Build | Market |
| 21:26 | Research | Wheelbarrow |
| 21:34 | Age | Castle Age |
| 22:01 | Build | House |
| 22:02 | Build | House |
| 22:24 | Build | Gate |
| 22:33 | Build | Castle |
| 22:45 | Build | House |
| 22:47 | Build | House |
| 22:56 | Build | House |
| 23:06 | Build | House |
| 23:10 | Build | House |
| 23:18 | Create | Villager (Male) |
| 23:21 | Build | Siege Workshop |
| 23:28 | Build | House |
| 23:39 | Build | House |
| 23:48 | Build | Stone Wall |
| 23:49 | Build | Stone Wall |
| 23:49 | Build | Stone Wall |
| 23:55 | Create | Scorpion |
| 23:55 | Create | Scorpion |
| 23:56 | Create | Villager (Male) |
| 24:23 | Create | Villager (Male) |
| 24:34 | Research | Imperial Age |
| 24:34 | Research | Imperial Age |
| 24:58 | Create | Villager (Male) |
| 25:15 | Create | Villager (Male) |
| 26:45 | Build | Mining Camp |
| 27:12 | Create | Villager (Male) |
| 27:28 | Build | Stone Wall |
| 27:31 | Build | Stone Wall |
| 27:42 | Build | Stone Wall |
| 27:45 | Build | Stone Wall |
| 27:47 | Build | Stone Wall |
| 27:48 | Build | Stone Wall |
| 27:55 | Build | Stone Wall |
| 27:58 | Age | Imperial Age |
| 28:07 | Create | Trebuchet (Packed) |
| 28:07 | Create | Trebuchet (Packed) |
| 28:38 | Create | Mangonel |
| 28:39 | Create | Villager (Male) |
| 29:54 | Build | Castle |
| 29:58 | Create | Villager (Male) |
| 31:21 | Build | Mining Camp |
| 32:11 | Create | Villager (Male) |
| 32:12 | Create | Villager (Male) |
| 32:59 | Create | Villager (Male) |
| 33:20 | Build | Gate |
| 33:23 | Create | Villager (Male) |
| 33:31 | Build | Mining Camp |
| 33:44 | Create | Villager (Male) |
| 33:49 | Build | Farm |
| 34:12 | Create | Villager (Male) |
| 34:34 | Create | Villager (Male) |
| 34:41 | Create | Villager (Male) |
| 35:48 | Create | Villager (Male) |
| 35:51 | Create | Villager (Male) |
| 35:52 | Create | Villager (Male) |
| 36:00 | Build | Farm |
| 36:05 | Create | Villager (Male) |
| 36:09 | Build | House |
| 36:20 | Create | Villager (Male) |
Build order — Hajduk
First 150 of 206 actions detected
| 0:02 | Create | Villager (Male) |
| 0:03 | Create | Villager (Male) |
| 0:05 | Build | House |
| 0:07 | Build | House |
| 0:08 | Create | Villager (Male) |
| 0:08 | Create | Villager (Male) |
| 1:27 | Create | Villager (Male) |
| 1:55 | Create | Villager (Male) |
| 2:02 | Build | Lumber Camp |
| 2:26 | Create | Villager (Male) |
| 2:57 | Create | Villager (Male) |
| 3:01 | Create | Villager (Male) |
| 3:35 | Build | House |
| 3:35 | Create | Villager (Male) |
| 4:02 | Build | Mill |
| 4:05 | Create | Villager (Male) |
| 4:33 | Create | Villager (Male) |
| 4:34 | Create | Villager (Male) |
| 4:44 | Create | Villager (Male) |
| 5:10 | Build | House |
| 5:11 | Build | House |
| 5:12 | Build | House |
| 5:15 | Create | Villager (Male) |
| 5:16 | Create | Villager (Male) |
| 5:44 | Create | Villager (Male) |
| 5:54 | Create | Villager (Male) |
| 6:15 | Create | Villager (Male) |
| 6:30 | Create | Villager (Male) |
| 6:48 | Create | Villager (Male) |
| 7:09 | Create | Villager (Male) |
| 7:19 | Create | Villager (Male) |
| 8:21 | Create | Villager (Male) |
| 8:57 | Build | Mining Camp |
| 9:02 | Create | Villager (Male) |
| 9:11 | Research | Feudal Age |
| 9:44 | Build | Palisade Wall |
| 9:50 | Build | Palisade Wall |
| 9:52 | Build | Palisade Wall |
| 9:53 | Create | Villager (Male) |
| 9:58 | Build | Mining Camp |
| 10:05 | Build | Palisade Wall |
| 11:23 | Age | Feudal Age |
| 11:25 | Create | Villager (Male) |
| 11:25 | Create | Villager (Male) |
| 11:32 | Build | Watch Tower |
| 11:35 | Build | Watch Tower |
| 11:39 | Build | Blacksmith |
| 12:25 | Research | Fletching |
| 13:07 | Research | Loom |
| 13:07 | Create | Villager (Male) |
| 13:11 | Build | Market |
| 13:18 | Build | Lumber Camp |
| 13:46 | Build | Farm |
| 14:30 | Research | Castle Age |
| 14:35 | Build | Mining Camp |
| 14:41 | Build | Mining Camp |
| 15:30 | Research | Double-Bit Axe |
| 15:30 | Research | Double-Bit Axe |
| 16:22 | Build | Farm |
| 16:28 | Build | Farm |
| 16:29 | Build | Farm |
| 16:33 | Build | Farm |
| 16:56 | Build | Palisade Wall |
| 17:10 | Age | Castle Age |
| 17:29 | Build | Castle |
| 17:35 | Create | Villager (Male) |
| 17:53 | Build | Farm |
| 17:53 | Create | Villager (Male) |
| 18:06 | Build | Farm |
| 18:26 | Create | Villager (Male) |
| 18:30 | Build | Farm |
| 18:41 | Create | Rattan Archer |
| 18:41 | Create | Rattan Archer |
| 18:41 | Create | Rattan Archer |
| 18:41 | Create | Rattan Archer |
| 18:51 | Create | Villager (Male) |
| 19:14 | Create | Villager (Male) |
| 19:33 | Create | Villager (Male) |
| 19:36 | Build | Farm |
| 19:42 | Create | Rattan Archer |
| 19:42 | Create | Rattan Archer |
| 19:42 | Create | Rattan Archer |
| 19:47 | Create | Villager (Male) |
| 20:18 | Create | Villager (Male) |
| 20:21 | Build | Farm |
| 20:25 | Create | Rattan Archer |
| 20:25 | Create | Rattan Archer |
| 20:30 | Create | Villager (Male) |
| 20:38 | Create | Petard |
| 20:39 | Create | Petard |
| 20:47 | Create | Villager (Male) |
| 20:57 | Build | Farm |
| 20:59 | Build | Farm |
| 21:05 | Create | Rattan Archer |
| 21:05 | Create | Rattan Archer |
| 21:21 | Create | Villager (Male) |
| 21:26 | Create | Villager (Male) |
| 22:14 | Research | Bodkin Arrow |
| 22:27 | Create | Villager (Male) |
| 22:28 | Create | Rattan Archer |
| 22:29 | Create | Rattan Archer |
| 22:29 | Create | Rattan Archer |
| 23:22 | Create | Villager (Male) |
| 23:23 | Create | Villager (Male) |
| 23:26 | Build | House |
| 23:27 | Build | House |
| 23:29 | Build | Town Center |
| 23:41 | Research | Padded Archer Armor |
| 23:41 | Create | Villager (Male) |
| 23:51 | Build | Farm |
| 24:33 | Build | Town Center |
| 24:46 | Create | Villager (Male) |
| 25:10 | Create | Villager (Male) |
| 25:13 | Build | Farm |
| 26:04 | Create | Villager (Male) |
| 26:05 | Create | Villager (Male) |
| 26:05 | Create | Villager (Male) |
| 26:06 | Create | Villager (Male) |
| 26:06 | Create | Villager (Male) |
| 26:06 | Create | Villager (Male) |
| 26:07 | Create | Villager (Male) |
| 26:22 | Create | Villager (Male) |
| 26:36 | Build | Farm |
| 26:40 | Create | Villager (Male) |
| 26:41 | Create | Villager (Male) |
| 26:58 | Build | Farm |
| 26:59 | Create | Villager (Male) |
| 27:00 | Create | Villager (Male) |
| 27:00 | Create | Villager (Male) |
| 28:01 | Create | Villager (Male) |
| 28:03 | Build | Farm |
| 28:04 | Build | Farm |
| 28:04 | Build | Farm |
| 28:06 | Build | House |
| 28:07 | Build | House |
| 28:08 | Build | House |
| 28:09 | Build | House |
| 28:25 | Create | Villager (Male) |
| 28:25 | Create | Villager (Male) |
| 28:25 | Create | Villager (Male) |
| 28:26 | Create | Villager (Male) |
| 28:27 | Create | Villager (Male) |
| 28:27 | Create | Villager (Male) |
| 28:33 | Build | Castle |
| 28:40 | Create | Villager (Male) |
| 29:16 | Create | Villager (Male) |
| 29:17 | Create | Villager (Male) |
| 29:19 | Build | Farm |
| 29:32 | Build | Siege Workshop |
| 29:36 | Build | Siege Workshop |
Build order — Faith
First 150 of 444 actions detected
| 0:01 | Create | Villager (Male) |
| 0:01 | Create | Villager (Male) |
| 0:02 | Build | House |
| 0:04 | Build | House |
| 0:19 | Create | Villager (Male) |
| 0:20 | Create | Villager (Male) |
| 0:30 | Create | Villager (Male) |
| 0:30 | Create | Villager (Male) |
| 1:27 | Create | Villager (Male) |
| 1:27 | Create | Villager (Male) |
| 1:57 | Build | Lumber Camp |
| 1:59 | Create | Villager (Male) |
| 1:59 | Create | Villager (Male) |
| 2:18 | Create | Villager (Male) |
| 2:18 | Create | Villager (Male) |
| 3:14 | Create | Villager (Male) |
| 3:14 | Create | Villager (Male) |
| 3:14 | Create | Villager (Male) |
| 3:14 | Create | Villager (Male) |
| 3:18 | Build | House |
| 3:20 | Build | House |
| 3:43 | Build | Mill |
| 4:05 | Build | House |
| 4:12 | Create | Villager (Male) |
| 4:21 | Create | Villager (Male) |
| 4:35 | Create | Villager (Male) |
| 5:08 | Create | Villager (Male) |
| 5:40 | Build | Farm |
| 5:52 | Build | Farm |
| 5:57 | Create | Villager (Male) |
| 6:20 | Create | Villager (Male) |
| 6:44 | Create | Villager (Male) |
| 6:57 | Create | Villager (Male) |
| 7:18 | Research | Feudal Age |
| 7:20 | Build | Mining Camp |
| 9:15 | Create | Villager (Male) |
| 9:15 | Create | Villager (Male) |
| 9:21 | Age | Feudal Age |
| 9:25 | Build | Market |
| 9:26 | Build | Blacksmith |
| 10:26 | Research | Castle Age |
| 11:08 | Research | Double-Bit Axe |
| 12:01 | Create | Villager (Male) |
| 12:36 | Create | Villager (Male) |
| 12:51 | Age | Castle Age |
| 12:54 | Build | Town Center |
| 13:00 | Build | Town Center |
| 13:15 | Create | Villager (Male) |
| 13:17 | Research | Horse Collar |
| 13:43 | Build | House |
| 13:45 | Build | House |
| 14:00 | Create | Villager (Male) |
| 14:01 | Create | Villager (Male) |
| 14:20 | Create | Villager (Male) |
| 14:20 | Create | Villager (Male) |
| 14:26 | Build | House |
| 14:28 | Build | House |
| 14:30 | Create | Villager (Male) |
| 14:30 | Create | Villager (Male) |
| 14:42 | Build | Farm |
| 14:43 | Build | Farm |
| 14:49 | Build | Farm |
| 14:52 | Create | Villager (Male) |
| 15:06 | Create | Villager (Male) |
| 15:06 | Create | Villager (Male) |
| 15:09 | Build | House |
| 15:11 | Build | House |
| 15:12 | Create | Villager (Male) |
| 15:12 | Create | Villager (Male) |
| 15:29 | Create | Villager (Male) |
| 15:30 | Create | Villager (Male) |
| 15:33 | Build | Farm |
| 15:48 | Build | House |
| 15:49 | Build | House |
| 15:49 | Create | Villager (Male) |
| 15:50 | Create | Villager (Male) |
| 15:55 | Create | Villager (Male) |
| 15:55 | Create | Villager (Male) |
| 15:58 | Build | Farm |
| 15:59 | Build | Farm |
| 16:00 | Create | Villager (Male) |
| 16:11 | Build | Farm |
| 16:13 | Build | Farm |
| 16:14 | Create | Villager (Male) |
| 16:14 | Create | Villager (Male) |
| 16:19 | Create | Villager (Male) |
| 16:27 | Create | Villager (Male) |
| 16:43 | Build | Farm |
| 16:44 | Build | Farm |
| 16:48 | Create | Villager (Male) |
| 16:48 | Create | Villager (Male) |
| 16:51 | Build | Farm |
| 16:51 | Build | Farm |
| 16:57 | Build | Farm |
| 16:58 | Build | Farm |
| 17:00 | Create | Villager (Male) |
| 17:01 | Create | Villager (Male) |
| 17:03 | Build | House |
| 17:04 | Build | House |
| 17:05 | Build | House |
| 17:16 | Create | Villager (Male) |
| 17:16 | Create | Villager (Male) |
| 17:21 | Build | Farm |
| 17:23 | Create | Villager (Male) |
| 17:37 | Create | Villager (Male) |
| 17:38 | Create | Villager (Male) |
| 17:42 | Build | Town Center |
| 17:50 | Build | Farm |
| 17:51 | Create | Villager (Male) |
| 17:51 | Create | Villager (Male) |
| 17:56 | Build | Farm |
| 17:56 | Create | Villager (Male) |
| 17:57 | Create | Villager (Male) |
| 18:00 | Build | House |
| 18:01 | Build | House |
| 18:06 | Create | Villager (Male) |
| 18:06 | Create | Villager (Male) |
| 18:17 | Build | Farm |
| 18:22 | Build | Farm |
| 18:24 | Create | Villager (Male) |
| 18:25 | Create | Villager (Male) |
| 18:27 | Build | Farm |
| 18:29 | Build | Farm |
| 18:30 | Build | Farm |
| 18:32 | Build | Farm |
| 18:40 | Build | House |
| 18:41 | Build | House |
| 18:42 | Build | House |
| 18:42 | Create | Villager (Male) |
| 18:48 | Create | Villager (Male) |
| 18:48 | Create | Villager (Male) |
| 18:49 | Create | Villager (Male) |
| 19:01 | Build | Farm |
| 19:06 | Create | Villager (Male) |
| 19:10 | Build | Farm |
| 19:12 | Create | Villager (Male) |
| 19:12 | Create | Villager (Male) |
| 19:19 | Build | Farm |
| 19:21 | Create | Villager (Male) |
| 19:21 | Create | Villager (Male) |
| 19:28 | Build | House |
| 19:29 | Build | House |
| 19:30 | Create | Villager (Male) |
| 19:31 | Create | Villager (Male) |
| 19:44 | Create | Villager (Male) |
| 19:44 | Create | Villager (Male) |
| 19:49 | Build | Farm |
| 19:51 | Build | Farm |
| 19:52 | Build | Farm |
| 19:53 | Build | Farm |
Build order — :) YO30830
First 150 of 258 actions detected
| 0:03 | Build | House |
| 0:04 | Build | House |
| 0:05 | Create | Villager (Male) |
| 0:05 | Create | Villager (Male) |
| 0:18 | Create | Villager (Male) |
| 0:18 | Create | Villager (Male) |
| 1:27 | Build | Settlement |
| 1:43 | Create | Villager (Male) |
| 1:44 | Create | Villager (Male) |
| 2:04 | Create | Villager (Male) |
| 2:32 | Create | Villager (Male) |
| 2:59 | Create | Villager (Male) |
| 3:20 | Create | Villager (Male) |
| 3:20 | Create | Villager (Male) |
| 3:42 | Create | Villager (Male) |
| 4:22 | Create | Villager (Male) |
| 5:17 | Create | Villager (Male) |
| 5:17 | Create | Villager (Male) |
| 5:17 | Create | Villager (Male) |
| 5:18 | Create | Villager (Male) |
| 5:48 | Build | Settlement |
| 6:02 | Create | Villager (Male) |
| 6:02 | Create | Villager (Male) |
| 6:02 | Create | Villager (Male) |
| 6:27 | Create | Villager (Male) |
| 6:27 | Create | Villager (Male) |
| 6:27 | Create | Villager (Male) |
| 6:28 | Create | Villager (Male) |
| 6:28 | Create | Villager (Male) |
| 7:05 | Create | Villager (Male) |
| 7:06 | Create | Villager (Male) |
| 7:35 | Research | Feudal Age |
| 8:42 | Build | Barracks |
| 8:53 | Create | Villager (Male) |
| 8:54 | Create | Villager (Male) |
| 8:57 | Build | House |
| 9:57 | Age | Feudal Age |
| 9:58 | Research | Double-Bit Axe |
| 10:02 | Build | Blacksmith |
| 10:23 | Build | Archery Range |
| 10:44 | Create | Skirmisher |
| 10:45 | Create | Skirmisher |
| 10:48 | Create | Villager (Male) |
| 10:48 | Create | Villager (Male) |
| 10:49 | Create | Villager (Male) |
| 11:05 | Create | Skirmisher |
| 11:06 | Create | Skirmisher |
| 11:43 | Build | House |
| 11:46 | Build | House |
| 12:29 | Research | Castle Age |
| 12:29 | Research | Castle Age |
| 14:38 | Build | Farm |
| 14:39 | Build | Farm |
| 14:42 | Build | Farm |
| 14:44 | Build | Farm |
| 14:46 | Build | Farm |
| 14:51 | Research | Horse Collar |
| 14:59 | Build | Farm |
| 15:00 | Build | Farm |
| 15:01 | Build | Farm |
| 15:03 | Build | Farm |
| 15:06 | Build | Farm |
| 15:09 | Age | Castle Age |
| 15:24 | Create | Villager (Male) |
| 15:25 | Create | Villager (Male) |
| 15:25 | Create | Villager (Male) |
| 15:36 | Build | Town Center |
| 15:59 | Create | Bolas Rider |
| 15:59 | Create | Bolas Rider |
| 16:28 | Create | Villager (Male) |
| 16:28 | Create | Villager (Male) |
| 16:32 | Build | House |
| 16:41 | Build | Farm |
| 16:55 | Build | House |
| 17:07 | Create | Villager (Male) |
| 17:07 | Create | Villager (Male) |
| 17:08 | Create | Villager (Male) |
| 17:08 | Create | Villager (Male) |
| 17:10 | Build | House |
| 17:22 | Build | Archery Range |
| 17:31 | Research | Bow Saw |
| 17:31 | Research | Bow Saw |
| 17:38 | Create | Villager (Male) |
| 17:38 | Create | Villager (Male) |
| 17:38 | Create | Villager (Male) |
| 17:41 | Create | Bolas Rider |
| 17:46 | Build | House |
| 17:47 | Build | House |
| 18:03 | Create | Bolas Rider |
| 18:17 | Create | Villager (Male) |
| 18:17 | Create | Villager (Male) |
| 18:33 | Create | Bolas Rider |
| 18:40 | Research | Gold Mining |
| 18:53 | Build | Farm |
| 18:56 | Build | Farm |
| 19:00 | Build | Farm |
| 19:02 | Create | Villager (Male) |
| 19:06 | Create | Bolas Rider |
| 19:06 | Create | Bolas Rider |
| 19:08 | Build | House |
| 19:09 | Build | House |
| 19:13 | Create | Villager (Male) |
| 19:41 | Build | Farm |
| 19:42 | Build | Farm |
| 19:46 | Build | Farm |
| 19:51 | Build | Farm |
| 19:53 | Create | Villager (Male) |
| 19:53 | Create | Villager (Male) |
| 19:53 | Create | Villager (Male) |
| 19:56 | Create | Bolas Rider ×3 |
| 20:17 | Build | House |
| 20:22 | Create | Villager (Male) |
| 20:22 | Create | Villager (Male) |
| 20:30 | Build | Farm |
| 20:34 | Build | Farm |
| 20:37 | Create | Villager (Male) |
| 20:37 | Create | Villager (Male) |
| 20:43 | Create | Bolas Rider ×3 |
| 20:43 | Create | Bolas Rider ×3 |
| 21:11 | Build | University |
| 21:16 | Research | Fletching |
| 21:18 | Create | Villager (Male) |
| 21:24 | Build | Farm |
| 21:28 | Build | Farm |
| 21:37 | Build | Farm |
| 21:41 | Build | Farm |
| 21:47 | Create | Villager (Male) |
| 21:48 | Create | Villager (Male) |
| 21:48 | Create | Villager (Male) |
| 21:48 | Create | Villager (Male) |
| 21:48 | Create | Villager (Male) |
| 21:53 | Build | House |
| 21:54 | Build | House |
| 22:11 | Create | Bolas Rider |
| 22:20 | Research | Bodkin Arrow |
| 22:20 | Research | Bodkin Arrow |
| 22:27 | Build | Farm |
| 22:28 | Create | Villager (Male) |
| 22:28 | Create | Villager (Male) |
| 23:00 | Create | Villager (Male) |
| 23:00 | Create | Villager (Male) |
| 23:00 | Create | Villager (Male) |
| 23:01 | Create | Villager (Male) |
| 23:12 | Create | Villager (Male) |
| 23:12 | Create | Villager (Male) |
| 23:17 | Research | Padded Archer Armor |
| 23:22 | Create | Bolas Rider ×5 |
| 23:23 | Create | Bolas Rider ×4 |
| 23:31 | Build | Archery Range |
| 23:58 | Create | Villager (Male) |
Build order — matiasdaniel
First 150 of 381 actions detected
| 0:04 | Create | Villager (Male) |
| 0:04 | Create | Villager (Male) |
| 0:04 | Create | Villager (Male) |
| 0:05 | Create | Villager (Male) |
| 0:05 | Create | Villager (Male) |
| 0:06 | Build | House |
| 0:08 | Build | House |
| 1:35 | Create | Villager (Male) |
| 1:35 | Create | Villager (Male) |
| 1:48 | Create | Villager (Male) |
| 1:48 | Create | Villager (Male) |
| 1:55 | Build | Settlement |
| 2:20 | Create | Villager (Male) |
| 2:21 | Create | Villager (Male) |
| 2:59 | Create | Villager (Male) |
| 2:59 | Create | Villager (Male) |
| 2:59 | Create | Villager (Male) |
| 3:29 | Create | Villager (Male) |
| 4:14 | Create | Villager (Male) |
| 4:15 | Create | Villager (Male) |
| 5:28 | Create | Villager (Male) |
| 5:29 | Create | Villager (Male) |
| 5:29 | Create | Villager (Male) |
| 5:29 | Create | Villager (Male) |
| 5:30 | Create | Villager (Male) |
| 5:30 | Create | Villager (Male) |
| 5:48 | Build | Settlement |
| 5:58 | Build | Settlement |
| 7:36 | Create | Villager (Male) |
| 7:37 | Create | Villager (Male) |
| 7:37 | Create | Villager (Male) |
| 7:37 | Create | Villager (Male) |
| 7:37 | Create | Villager (Male) |
| 7:38 | Create | Villager (Male) |
| 7:38 | Create | Villager (Male) |
| 8:07 | Build | Settlement |
| 9:01 | Create | Villager (Male) |
| 9:06 | Create | Villager (Male) |
| 9:57 | Create | Villager (Male) |
| 10:04 | Research | Feudal Age |
| 10:04 | Research | Feudal Age |
| 10:43 | Build | Barracks |
| 10:44 | Build | House |
| 10:45 | Build | House |
| 10:48 | Build | House |
| 10:57 | Create | Villager (Male) |
| 11:48 | Create | Unit 2550 |
| 11:48 | Create | Unit 2550 |
| 12:16 | Age | Feudal Age |
| 12:22 | Research | Double-Bit Axe |
| 12:26 | Research | Gold Mining |
| 12:26 | Research | Gold Mining |
| 12:26 | Research | Horse Collar |
| 12:27 | Research | Horse Collar |
| 12:27 | Research | Stone Mining |
| 12:28 | Research | Stone Mining |
| 12:32 | Create | Villager (Male) |
| 12:45 | Build | Outpost |
| 12:49 | Research | Town Watch |
| 12:50 | Research | Loom |
| 12:50 | Research | Wheelbarrow |
| 12:50 | Research | Wheelbarrow |
| 12:54 | Build | Settlement |
| 13:20 | Build | Farm |
| 13:22 | Build | Farm |
| 13:24 | Build | Farm |
| 13:26 | Build | Farm |
| 13:28 | Build | Farm |
| 13:29 | Create | Villager (Male) |
| 13:33 | Create | Villager (Male) |
| 13:34 | Create | Villager (Male) |
| 14:17 | Build | House |
| 14:18 | Build | House |
| 14:18 | Build | House |
| 14:19 | Build | House |
| 14:19 | Build | House |
| 14:21 | Build | House |
| 14:25 | Build | Market |
| 14:26 | Build | Blacksmith |
| 14:35 | Build | Farm |
| 15:06 | Build | Outpost |
| 15:33 | Research | Tech 1402 |
| 15:39 | Create | Villager (Male) |
| 15:54 | Build | Farm |
| 15:59 | Build | House |
| 16:00 | Build | House |
| 16:01 | Build | House |
| 16:02 | Build | House |
| 16:07 | Build | Farm |
| 16:12 | Build | Farm |
| 16:24 | Create | Villager (Male) |
| 16:32 | Create | Villager (Male) |
| 16:55 | Build | Farm |
| 16:57 | Build | Farm |
| 17:18 | Build | Barracks |
| 17:22 | Build | Farm |
| 17:24 | Build | Farm |
| 17:27 | Create | Villager (Male) |
| 17:45 | Build | Outpost |
| 18:02 | Build | Outpost |
| 18:06 | Create | Villager (Male) |
| 18:11 | Build | Farm |
| 18:17 | Research | Castle Age |
| 18:18 | Research | Castle Age |
| 18:21 | Build | House |
| 18:23 | Build | House |
| 18:23 | Build | House |
| 18:24 | Build | House |
| 18:25 | Build | House |
| 18:26 | Build | House |
| 18:27 | Build | House |
| 18:32 | Research | Tech 1402 |
| 18:53 | Create | Unit 2550 |
| 19:06 | Create | Unit 2550 |
| 19:11 | Build | Farm |
| 19:15 | Build | Farm |
| 19:18 | Build | Farm |
| 19:23 | Create | Villager (Male) |
| 19:27 | Create | Unit 2550 |
| 19:27 | Create | Unit 2550 |
| 19:28 | Create | Unit 2550 |
| 19:29 | Create | Unit 2550 |
| 19:29 | Create | Unit 2550 |
| 20:12 | Create | Villager (Male) |
| 20:20 | Build | Farm |
| 20:52 | Create | Unit 2550 |
| 20:52 | Create | Unit 2550 |
| 20:53 | Create | Unit 2550 |
| 21:10 | Create | Villager (Male) |
| 21:11 | Age | Castle Age |
| 21:16 | Research | Bow Saw |
| 21:16 | Research | Heavy Plow |
| 21:31 | Research | Gold Shaft Mining |
| 22:10 | Build | Castle |
| 22:16 | Create | Villager (Male) |
| 22:17 | Create | Villager (Male) |
| 22:39 | Create | Villager (Male) |
| 23:03 | Create | Villager (Male) |
| 23:32 | Research | Forging |
| 23:32 | Research | Forging |
| 23:35 | Research | Scale Mail Armor |
| 23:59 | Build | Town Center |
| 24:05 | Create | Villager (Male) |
| 24:15 | Build | Farm |
| 24:17 | Create | Villager (Male) |
| 24:28 | Research | Iron Casting |
| 24:28 | Research | Iron Casting |
| 24:40 | Build | Town Center |
| 24:49 | Research | Arson |
| 24:50 | Research | Arson |
Build order — K1llaCapPilla
First 150 of 454 actions detected
| 0:01 | Create | Villager (Male) |
| 0:01 | Create | Villager (Male) |
| 0:03 | Build | House |
| 0:04 | Build | House |
| 0:23 | Create | Villager (Male) |
| 0:23 | Create | Villager (Male) |
| 1:27 | Create | Villager (Male) |
| 1:27 | Create | Villager (Male) |
| 1:47 | Build | Lumber Camp |
| 1:56 | Create | Villager (Male) |
| 1:56 | Create | Villager (Male) |
| 2:15 | Create | Villager (Male) |
| 2:16 | Create | Villager (Male) |
| 2:47 | Create | Villager (Male) |
| 2:47 | Create | Villager (Male) |
| 3:04 | Create | Villager (Male) |
| 3:04 | Create | Villager (Male) |
| 3:25 | Build | House |
| 3:32 | Create | Villager (Male) |
| 3:32 | Create | Villager (Male) |
| 3:57 | Build | Mill |
| 4:03 | Create | Villager (Male) |
| 4:03 | Create | Villager (Male) |
| 4:28 | Create | Villager (Male) |
| 4:29 | Create | Villager (Male) |
| 4:48 | Create | Villager (Male) |
| 4:48 | Create | Villager (Male) |
| 5:03 | Create | Villager (Male) |
| 5:03 | Create | Villager (Male) |
| 5:11 | Build | Farm |
| 5:47 | Create | Villager (Male) |
| 5:47 | Create | Villager (Male) |
| 5:50 | Create | Villager (Male) |
| 5:50 | Create | Villager (Male) |
| 5:50 | Create | Villager (Male) |
| 6:01 | Build | Lumber Camp |
| 6:05 | Build | House |
| 6:29 | Create | Villager (Male) |
| 6:57 | Create | Villager (Male) |
| 7:13 | Create | Villager (Male) |
| 7:34 | Create | Villager (Male) |
| 7:44 | Build | Farm |
| 7:50 | Build | House |
| 7:51 | Build | House |
| 8:16 | Build | Farm |
| 8:24 | Build | House |
| 8:31 | Build | Mining Camp |
| 8:35 | Create | Villager (Male) |
| 9:07 | Research | Feudal Age |
| 11:21 | Age | Feudal Age |
| 11:21 | Create | Villager (Male) |
| 11:22 | Create | Villager (Male) |
| 11:22 | Create | Villager (Male) |
| 11:27 | Build | Market |
| 11:30 | Build | Blacksmith |
| 11:33 | Create | Villager (Male) |
| 11:51 | Build | Farm |
| 11:55 | Build | Farm |
| 12:33 | Research | Castle Age |
| 13:27 | Research | Double-Bit Axe |
| 13:28 | Research | Double-Bit Axe |
| 13:29 | Research | Horse Collar |
| 13:29 | Research | Horse Collar |
| 15:02 | Build | Farm |
| 15:15 | Research | Wheelbarrow |
| 15:16 | Age | Castle Age |
| 15:21 | Build | Town Center |
| 15:26 | Build | Town Center |
| 15:36 | Research | Bow Saw |
| 15:37 | Research | Bow Saw |
| 16:05 | Create | Villager (Male) |
| 16:05 | Create | Villager (Male) |
| 16:09 | Create | Villager (Male) |
| 16:09 | Create | Villager (Male) |
| 16:18 | Create | Villager (Male) |
| 16:19 | Create | Villager (Male) |
| 16:28 | Create | Villager (Male) |
| 16:30 | Create | Villager (Male) |
| 16:31 | Create | Villager (Male) |
| 16:40 | Build | Town Center |
| 16:47 | Create | Villager (Male) |
| 16:50 | Create | Villager (Male) |
| 16:59 | Research | Loom |
| 17:02 | Build | Farm |
| 17:04 | Build | Farm |
| 17:12 | Build | Farm |
| 17:23 | Build | Farm |
| 17:26 | Create | Villager (Male) |
| 17:31 | Build | Farm |
| 17:39 | Build | Farm |
| 17:41 | Build | Farm |
| 17:48 | Build | Farm |
| 17:56 | Build | House |
| 17:57 | Build | House |
| 18:03 | Create | Villager (Male) |
| 18:03 | Create | Villager (Male) |
| 18:04 | Create | Villager (Male) |
| 18:07 | Build | Farm |
| 18:13 | Build | Farm |
| 18:14 | Create | Villager (Male) |
| 18:21 | Build | Farm |
| 18:32 | Build | Farm |
| 18:36 | Build | Farm |
| 18:39 | Create | Villager (Male) |
| 18:41 | Create | Villager (Male) |
| 18:42 | Create | Villager (Male) |
| 18:47 | Build | House |
| 18:48 | Build | House |
| 19:05 | Create | Villager (Male) |
| 19:06 | Create | Villager (Male) |
| 19:11 | Build | Farm |
| 19:14 | Build | Farm |
| 19:19 | Create | Villager (Male) |
| 19:22 | Build | Farm |
| 19:27 | Build | Farm |
| 19:29 | Build | Farm |
| 19:34 | Build | Farm |
| 19:37 | Build | Farm |
| 19:38 | Create | Villager (Male) |
| 19:39 | Create | Villager (Male) |
| 19:40 | Create | Villager (Male) |
| 19:48 | Build | Farm |
| 19:51 | Create | Villager (Male) |
| 19:55 | Create | Villager (Male) |
| 20:01 | Build | Farm |
| 20:03 | Build | Farm |
| 20:06 | Build | House |
| 20:07 | Build | House |
| 20:17 | Create | Villager (Male) |
| 20:18 | Create | Villager (Male) |
| 20:18 | Create | Villager (Male) |
| 20:19 | Create | Villager (Male) |
| 20:19 | Create | Villager (Male) |
| 20:28 | Build | Farm |
| 20:31 | Build | Farm |
| 20:40 | Build | Farm |
| 20:43 | Create | Villager (Male) |
| 20:43 | Create | Villager (Male) |
| 20:44 | Create | Villager (Male) |
| 20:44 | Create | Villager (Male) |
| 20:51 | Build | Lumber Camp |
| 21:02 | Build | Farm |
| 21:05 | Build | House |
| 21:05 | Build | House |
| 21:07 | Create | Villager (Male) |
| 21:07 | Create | Villager (Male) |
| 21:08 | Create | Villager (Male) |
| 21:08 | Create | Villager (Male) |
| 21:16 | Build | Farm |
| 21:20 | Build | Farm |
Build order — 675478008
First 150 of 380 actions detected
| 0:01 | Create | Villager (Male) |
| 0:02 | Create | Villager (Male) |
| 0:02 | Create | Villager (Male) |
| 0:03 | Build | House |
| 0:06 | Build | House |
| 0:12 | Create | Villager (Male) |
| 0:13 | Create | Villager (Male) |
| 1:31 | Create | Villager (Male) |
| 1:53 | Build | Lumber Camp |
| 2:01 | Create | Villager (Male) |
| 2:01 | Create | Villager (Male) |
| 3:00 | Build | House |
| 3:10 | Create | Villager (Male) |
| 3:10 | Create | Villager (Male) |
| 3:26 | Create | Villager (Male) |
| 3:27 | Create | Villager (Male) |
| 3:28 | Build | House |
| 4:14 | Build | Mill |
| 4:17 | Create | Villager (Male) |
| 4:17 | Create | Villager (Male) |
| 4:22 | Create | Villager (Male) |
| 4:22 | Create | Villager (Male) |
| 4:37 | Create | Villager (Male) |
| 4:37 | Create | Villager (Male) |
| 4:38 | Create | Villager (Male) |
| 4:55 | Create | Villager (Male) |
| 4:55 | Create | Villager (Male) |
| 5:58 | Create | Villager (Male) |
| 5:58 | Create | Villager (Male) |
| 6:12 | Create | Villager (Male) |
| 6:31 | Create | Villager (Male) |
| 6:47 | Create | Villager (Male) |
| 6:55 | Build | Farm |
| 6:57 | Build | Farm |
| 7:08 | Create | Villager (Male) |
| 7:25 | Build | Farm |
| 7:27 | Build | Farm |
| 7:30 | Create | Villager (Male) |
| 7:39 | Build | House |
| 7:51 | Create | Villager (Male) |
| 8:44 | Build | Farm |
| 8:46 | Build | Farm |
| 9:09 | Research | Feudal Age |
| 9:16 | Build | Mining Camp |
| 9:35 | Build | Barracks |
| 10:33 | Create | Villager (Male) |
| 10:34 | Create | Villager (Male) |
| 11:35 | Age | Feudal Age |
| 11:38 | Build | Stable |
| 11:42 | Build | Blacksmith |
| 12:30 | Research | Castle Age |
| 12:30 | Research | Castle Age |
| 12:35 | Build | House |
| 12:37 | Build | House |
| 12:40 | Build | House |
| 13:12 | Create | Villager (Male) |
| 13:16 | Build | House |
| 13:55 | Create | Villager (Male) |
| 14:23 | Research | Double-Bit Axe |
| 14:23 | Research | Double-Bit Axe |
| 14:24 | Research | Horse Collar |
| 14:25 | Research | Horse Collar |
| 14:53 | Create | Villager (Male) |
| 15:10 | Age | Castle Age |
| 15:20 | Build | Town Center |
| 15:33 | Build | Town Center |
| 15:38 | Research | Bow Saw |
| 16:02 | Create | Villager (Male) |
| 16:29 | Create | Villager (Male) |
| 16:38 | Research | Heavy Plow |
| 16:38 | Research | Heavy Plow |
| 16:43 | Create | Scout Cavalry |
| 16:43 | Create | Scout Cavalry |
| 16:48 | Build | Farm |
| 16:49 | Build | Farm |
| 16:50 | Create | Villager (Male) |
| 16:58 | Build | Farm |
| 17:10 | Create | Villager (Male) |
| 17:10 | Create | Villager (Male) |
| 17:11 | Create | Villager (Male) |
| 17:22 | Build | Farm |
| 17:25 | Create | Villager (Male) |
| 17:48 | Create | Villager (Male) |
| 17:48 | Create | Villager (Male) |
| 18:01 | Build | Monastery |
| 18:02 | Create | Villager (Male) |
| 18:09 | Build | Farm |
| 18:13 | Build | Farm |
| 18:17 | Create | Villager (Male) |
| 18:17 | Create | Villager (Male) |
| 18:22 | Build | Farm |
| 18:25 | Build | Farm |
| 18:42 | Build | Farm |
| 18:45 | Create | Villager (Male) |
| 18:45 | Create | Villager (Male) |
| 18:49 | Build | Farm |
| 18:49 | Build | Farm |
| 18:49 | Build | Farm |
| 18:53 | Build | House |
| 18:55 | Create | Monk |
| 19:09 | Create | Scout Cavalry |
| 19:14 | Build | House |
| 19:14 | Create | Villager (Male) |
| 19:15 | Create | Villager (Male) |
| 19:20 | Build | Farm |
| 19:20 | Build | Farm |
| 19:20 | Build | Farm |
| 19:28 | Create | Villager (Male) |
| 19:28 | Create | Villager (Male) |
| 19:38 | Build | Farm |
| 19:39 | Build | Farm |
| 19:39 | Build | Farm |
| 19:42 | Create | Villager (Male) |
| 19:42 | Create | Villager (Male) |
| 20:11 | Create | Villager (Male) |
| 20:11 | Create | Villager (Male) |
| 20:22 | Build | Farm |
| 20:27 | Build | Town Center |
| 20:33 | Build | Farm |
| 20:39 | Create | Villager (Male) |
| 20:39 | Create | Villager (Male) |
| 20:39 | Create | Villager (Male) |
| 20:40 | Create | Villager (Male) |
| 20:57 | Research | Wheelbarrow |
| 20:57 | Research | Wheelbarrow |
| 21:02 | Build | Farm |
| 21:03 | Build | Farm |
| 21:14 | Create | Monk |
| 21:20 | Build | Farm |
| 21:31 | Build | Farm |
| 21:31 | Create | Villager (Male) |
| 21:32 | Create | Villager (Male) |
| 21:32 | Create | Villager (Male) |
| 21:33 | Create | Villager (Male) |
| 21:33 | Create | Villager (Male) |
| 21:33 | Create | Villager (Male) |
| 21:49 | Create | Villager (Male) |
| 21:49 | Create | Villager (Male) |
| 21:58 | Create | Villager (Male) |
| 21:59 | Create | Villager (Male) |
| 22:06 | Build | Farm |
| 22:07 | Build | Farm |
| 22:07 | Build | Farm |
| 22:07 | Build | Farm |
| 22:10 | Create | Villager (Male) |
| 22:11 | Create | Villager (Male) |
| 22:11 | Create | Villager (Male) |
| 22:24 | Create | Villager (Male) |
| 22:24 | Create | Villager (Male) |
| 22:27 | Create | Villager (Male) |
Match timeline
| 8:28 | Silver · first_building Barracks |
| 8:42 | :) YO30830 · first_building Barracks |
| 9:19 | Silver · age_up feudal |
| 9:21 | Faith · age_up feudal |
| 9:30 | Silver · first_building Archery Range |
| 9:35 | 675478008 · first_building Barracks |
| 9:44 | Hajduk · wall_segment Palisade Wall x7 |
| 9:50 | Hajduk · wall_segment Palisade Wall x12 |
| 9:52 | Hajduk · wall_segment Palisade Wall x7 |
| 9:57 | :) YO30830 · age_up feudal |
| 10:05 | Hajduk · wall_segment Palisade Wall x4 |
| 10:18 | Faith · first_market_sell 100 stone |
| 10:23 | :) YO30830 · first_building Archery Range |
| 10:43 | matiasdaniel · first_building Barracks |
| 10:56 | Dadagama · age_up feudal |
| 11:21 | K1llaCapPilla · age_up feudal |
| 11:23 | Hajduk · age_up feudal |
| 11:35 | 675478008 · age_up feudal |
| 11:38 | 675478008 · first_building Stable |
| 12:16 | matiasdaniel · age_up feudal |
| 12:51 | Faith · age_up castle |
| 14:27 | Hajduk · first_market_sell 100 stone |
| 15:09 | :) YO30830 · age_up castle |
| 15:10 | 675478008 · age_up castle |
| 15:16 | Dadagama · age_up castle |
| 15:16 | K1llaCapPilla · age_up castle |
| 15:18 | Dadagama · first_building Monastery |
| 16:56 | Hajduk · wall_segment Palisade Wall x1 |
| 17:05 | Hajduk · first_market_buy 100 stone |
| 17:10 | Hajduk · age_up castle |
| 17:29 | Hajduk · first_building Castle |
| 18:01 | 675478008 · first_building Monastery |
| 21:11 | matiasdaniel · age_up castle |
| 21:34 | Silver · age_up castle |
| 22:10 | matiasdaniel · first_building Castle |
| 22:26 | Silver · first_market_sell 100 food |
| 22:27 | Silver · first_market_buy 100 stone |
| 22:33 | Silver · first_building Castle |
| 23:03 | Dadagama · first_building Siege Workshop |
| 23:16 | K1llaCapPilla · first_building Monastery |
| 23:21 | Silver · first_building Siege Workshop |
| 23:45 | Dadagama · first_building Barracks |
| 23:47 | K1llaCapPilla · first_building Castle |
| 23:48 | Silver · wall_segment Stone Wall x1 |
| 23:49 | Silver · wall_segment Stone Wall x1 |
| 23:49 | Silver · wall_segment Stone Wall x1 |
| 24:11 | Dadagama · first_market_buy 100 wood |
| 24:15 | Dadagama · first_building Stable |
| 24:35 | matiasdaniel · first_market_buy 100 stone |
| 24:42 | Faith · first_building Castle |
| 25:01 | Faith · first_building Barracks |
| 26:09 | Faith · first_building Stable |
| 26:20 | :) YO30830 · first_building Siege Workshop |
| 26:48 | Dadagama · age_up imperial |
| 27:19 | K1llaCapPilla · age_up imperial |
| 27:23 | :) YO30830 · first_building Castle |
| 27:24 | 675478008 · first_building Castle |
| 27:28 | Silver · wall_segment Stone Wall x1 |
| 27:31 | Silver · wall_segment Stone Wall x1 |
| 27:42 | Silver · wall_segment Stone Wall x1 |
| 27:45 | Silver · wall_segment Stone Wall x1 |
| 27:47 | Silver · wall_segment Stone Wall x1 |
| 27:48 | Silver · wall_segment Stone Wall x1 |
| 27:55 | Silver · wall_segment Stone Wall x1 |
| 27:58 | Silver · age_up imperial |
| 28:50 | Faith · age_up imperial |
| 29:17 | Faith · first_market_buy 100 stone |
| 29:17 | K1llaCapPilla · first_building Barracks |
| 29:32 | Hajduk · first_building Siege Workshop |
| 29:43 | Faith · first_building Archery Range |
| 29:52 | 675478008 · age_up imperial |
| 30:23 | Dadagama · first_building Castle |
| 30:38 | 675478008 · first_building Siege Workshop |
| 30:49 | K1llaCapPilla · first_building Siege Workshop |
| 31:58 | Hajduk · wall_segment Stone Wall x22 |
| 32:04 | Hajduk · wall_segment Stone Wall x14 |
| 32:05 | :) YO30830 · first_market_sell 500 food |
| 32:49 | Hajduk · wall_segment Stone Wall x19 |
| 33:00 | Hajduk · wall_segment Stone Wall x11 |
| 33:57 | Dadagama · first_market_sell 100 stone |
| 34:19 | 675478008 · wall_segment Stone Wall x1 |
| 34:38 | Hajduk · wall_segment Stone Wall x6 |
| 35:02 | Hajduk · wall_segment Stone Wall x7 |
| 35:04 | Hajduk · wall_segment Stone Wall x18 |
| 35:11 | matiasdaniel · first_building Archery Range |
| 35:21 | Hajduk · wall_segment Stone Wall x7 |
| 35:24 | Hajduk · wall_segment Stone Wall x1 |
| 35:43 | matiasdaniel · age_up imperial |
| 35:44 | :) YO30830 · age_up imperial |
| 35:49 | Dadagama · tribute_sent a jugador 2 |
| 35:49 | Dadagama · tribute_sent a jugador 3 |
| 35:49 | Dadagama · tribute_sent a jugador 4 |
| 35:49 | Dadagama · tribute_sent a jugador 5 |
| 35:49 | Dadagama · tribute_sent a jugador 6 |
| 35:49 | Dadagama · tribute_sent a jugador 7 |
| 35:49 | Dadagama · tribute_sent a jugador 8 |
| 35:56 | matiasdaniel · first_market_sell 100 wood |
| 36:09 | K1llaCapPilla · tribute_sent a jugador 1 |
| 36:09 | K1llaCapPilla · tribute_sent a jugador 2 |
| 36:09 | K1llaCapPilla · tribute_sent a jugador 3 |
| 36:09 | K1llaCapPilla · tribute_sent a jugador 4 |
| 36:10 | K1llaCapPilla · tribute_sent a jugador 5 |
| 36:10 | K1llaCapPilla · tribute_sent a jugador 6 |
| 36:10 | K1llaCapPilla · tribute_sent a jugador 8 |
| 37:54 | Hajduk · wall_segment Stone Wall x17 |
| 38:03 | 675478008 · first_market_buy 100 stone |
| 38:32 | :) YO30830 · wall_segment Stone Wall x3 |
| 39:46 | Hajduk · wall_segment Stone Wall x1 |
| 39:50 | Hajduk · wall_segment Stone Wall x1 |
| 39:53 | Hajduk · wall_segment Stone Wall x1 |
| 40:03 | Faith · wall_segment Stone Wall x1 |
| 40:19 | :) YO30830 · wall_segment Stone Wall x8 |
| 41:12 | Faith · wall_segment Palisade Wall x1 |
| 41:13 | Faith · wall_segment Palisade Wall x1 |
| 42:10 | :) YO30830 · first_market_buy 100 stone |
| 42:31 | :) YO30830 · wall_segment Stone Wall x5 |
| 42:48 | 675478008 · resign |
[ AI ANALYSIS · 1 CREDIT ]
What really happened in this match?
Wolo.gg analyzes every decision: build order, eco, micro, common mistakes by bracket. Personalized analysis on WhatsApp or Discord in 30 seconds.
Civ guide
Lithuanians
Perfil
Dadagama